 Dungeon Sprint DCSS version 0.23.1 (webtiles) character file.

Game seed: 13151562877896385334

0 wilfster70 the Shield-Bearer (level 2, -5/28 HPs)
             Began as a Minotaur Fighter on Mar 12, 2019.
             Slain by a gnoll sergeant
             ... wielding a +5 spear
              (6 damage)
             ... in the Dungeon (Sprint VI: "Thunderdome").
             The game lasted 00:00:37 (28 turns).

wilfster70 the Shield-Bearer (Minotaur Fighter)       Turns: 28, Time: 00:00:37

Health: -5/28      AC:  7    Str: 20    XL:     2   Next: 10%
Magic:  1/1        EV:  7    Int:  5    God:
Gold:   200        SH:  9    Dex:  9    Spells: 1/1 levels left

rFire    . . .     SeeInvis .   a - +0 war axe
rCold    . . .     Gourm    .   c - +0 shield
rNeg     . . .     Faith    .   b - +0 scale mail
rPois    .         Spirit   .   (helmet restricted)
rElec    .         Reflect  .   (no cloak)
rCorr    .         Harm     .   (no gloves)
MR       .....     NoTele   +   (no boots)
Stlth    ..........             (no amulet)
HPRegen  0.09/turn              (no ring)
MPRegen  0.07/turn              (no ring)

@: no status effects
A: retaliatory headbutt, horns 2
a: no special abilities


You were in the Dungeon.
You were not hungry.

You visited 1 branch You collected 200 gold pieces.

Inventory:

Hand Weapons
 a - a +0 war axe (weapon)
Armour
 b - a +0 scale mail (worn)
 c - a +0 shield (worn)
Wands
 l - a wand of acid (5)
 m - a wand of iceblast (5)
Scrolls
 k - 4 scrolls of blinking
 n - 3 scrolls of fog
Potions
 d - a potion of might
 e - a potion of curing
 g - 4 potions of heal wounds
 h - 4 potions of haste
 i - 2 potions of magic
 j - a potion of berserk rage
 o - a potion of resistance
Comestibles
 f - a ration


   Skills:
 + Level 4.5 Fighting
 * Level 3.1 Axes
 + Level 4.5 Armour
 + Level 0.0 Dodging
 + Level 4.5 Shields


You had one spell level left.
You didn't know any spells.
Your spell library was empty.

Dungeon Overview and Level Annotations

Branches:
Dungeon (1/1)

Altars:
Dithmenos
Kikubaaqudgha
Makhleb
Okawaru
Trog
Wu Jian
Yredelemnul
Zin
Beogh
Jiyva
Lugonu

Shops:
D *[%?


Innate Abilities, Weirdness & Mutations

You reflexively headbutt those who attack you in melee.
You have a pair of horns on your head.


Message History

Your Fighting skill increases to level 4!
Your Axes skill increases to level 3!
Your Armour skill increases to level 4!
Your Shields skill increases to level 4!
You have reached level 2!
Setting a skill training target for Axes at 16.0.
There is an entrance to Xuosurew's Advanced Armour here.
A gnoll sergeant comes into view. It is wielding a +5 spear.
The gnoll sergeant shouts!
Found a glowing silver altar of Zin.
The gnoll sergeant hits you from afar with a +5 spear!
The gnoll sergeant hits you from afar with a +5 spear!
* * * LOW HITPOINT WARNING * * *
Found an iron altar of Okawaru and an ancient bone altar of Kikubaaqudgha.
A gnoll comes into view. It is wielding a +0 whip.
The gnoll sergeant hits you with a +5 spear.
* * * LOW HITPOINT WARNING * * *
The gnoll shouts!
You hit the gnoll sergeant but do no damage.
The gnoll sergeant hits you with a +5 spear.
You die...

##∩___......# .....
###∩........8.# .8...
##.............###.....
#⌠..........###...#
#⌠..........# #.<.#
#⌠..........###...#
##.............###..
###∩........8.# .8..
##∩___.@....# .....
######g8...... ..8.#
#§....... ..⌠#
###...... .### _.....
_..... _..... .....


You could see a gnoll sergeant.

Vanquished Creatures
  A gnoll (D)
1 creature vanquished.

Notes
Turn   | Place    | Note
-------+----------+-------------------------------------------
     0 | D        | wilfster70 the Minotaur Fighter began the quest for the
                  | Orb.
     0 | D        | Reached XP level 1. HP: 19/19 MP: 0/0
     1 | D        | Found a viscous altar of Jiyva.
     2 | D        | Found a burning altar of Makhleb.
     2 | D        | Found a corrupted altar of Lugonu.
     3 | D        | Found a bloodstained altar of Trog.
     3 | D        | Found a roughly hewn altar of Beogh.
     4 | D        | Found Koyboexe's Delicious Food.
     4 | D        | Found a shadowy altar of Dithmenos.
     4 | D        | Found a basalt altar of Yredelemnul.
     4 | D        | Found Viur's Identification Station.
     5 | D        | Found Resh's Jewellery.
     5 | D        | Found Xuosurew's Advanced Armour.
     5 | D        | Round 1.
     6 | D        | Found an ornate altar of the Wu Jian Council.
    13 | D        | Reached XP level 2. HP: 28/28 MP: 1/1
    24 | D        | Found a glowing silver altar of Zin.
    24 | D        | Noticed a gnoll sergeant
    26 | D        | Found an iron altar of Okawaru.
    26 | D        | Found an ancient bone altar of Kikubaaqudgha.
    27 | D        | HP: 1/28 [gnoll sergeant/+5 spear (4)]
    28 | D        | Slain by a gnoll sergeant

Skill      XL: |  1 |
---------------+----+-----
Fighting       | 4 |  4.5
Axes           | 3 |  3.1
Armour         | 4 |  4.5
Shields        | 4 |  4.5

Action                   || total
-------------------------++-------
Melee: War axe           ||     7
       Headbutt          ||     1
Dodge: Dodged            ||     3
Block: Shield            ||     3
